 Dungeon Crawl Stone Soup version 0.26-a0-739-gf55cbd344a (console) character file.

Game seed: 333873126868867299

4 om the Insei (level 1, -1/15 HPs)
             Began as a Merfolk Transmuter on Nov 5, 2020.
             Slain by a jackal (3 damage)
             ... on level 1 of the Dungeon.
             The game lasted 00:00:31 (180 turns).

om the Insei (Merfolk Transmuter)                    Turns: 180, Time: 00:00:32

Health: -1/15      AC:  3    Str: 10    XL:     1   Next: 60%
Magic:  3/3        EV: 13    Int: 12    God:
Gold:   12         SH:  0    Dex: 14    Spells: 3/4 levels left

rFire    . . .     SeeInvis .   c - +0 dagger (protect)
rCold    . . .     Faith    .   (no shield)
rNeg     . . .     Spirit   .   a - +0 robe
rPois    .         Reflect  .   b - +0 helmet
rElec    .         Harm     .   (no cloak)
rCorr    .         Rampage  .   (no gloves)
MR       .....                  (no boots)
Stlth    +.........             (no amulet)
HPRegen  0.05/turn              (no ring)
MPRegen  0.08/turn              (no ring)

@: no status effects
A: change form in water, swift swim, stealthy swim
a: no special abilities


You were on level 1 of the Dungeon.
You visited 1 branch of the dungeon, and saw 1 of its levels.

You collected 12 gold pieces.

Inventory:

Hand Weapons
 c - a +0 dagger of protection (weapon)
Armour
 a - a +0 robe (worn)
 b - a +0 helmet (worn)


   Skills:
 + Level 1.1 Fighting
 + Level 2.7 Dodging
 + Level 3.5 Unarmed Combat
 + Level 2.0 Spellcasting
 + Level 2.7 Transmutations


You had 3 spell levels left.
You knew the following spells:

 Your Spells              Type           Power        Failure   Level
a - Beastly Appendage     Tmut           #.....       9%          1

Your spell library contained the following spells:

 Spells                   Type           Power        Failure   Level
 Wereblood                Tmut           #.......     14%         2
 Spider Form              Tmut/Pois      #.........   43%         3
 Ice Form                 Ice/Tmut       #.......     83%         4
 Blade Hands              Tmut           #.........   94%         5


Dungeon Overview and Level Annotations

Branches:
Dungeon (1/15)

Altars:


Message History

You are too injured to fight recklessly!
The jackal misses you. The jackal barely misses you.
The jackal bites you but does no damage.
The jackal barely misses you.
The jackal closely misses you. x2; The jackal bites you.
* * * LOW HITPOINT WARNING * * *
Your horns disappear.
Your +0 helmet unmelds from your body.
The jackal closely misses you.
The jackal bites you but does no damage.
The jackal closely misses you. x2
The jackal barely misses you.
The jackal falls through a shaft!
The shaft crumbles and collapses.
The jackal closely misses you. The jackal barely misses you.
The jackal bites you.
* * * LOW HITPOINT WARNING * * *
The kobold hits you.
* * * LOW HITPOINT WARNING * * *
The jackal bites you.
You die...

....# ... .##.# ...
.##.# #.# ##.##.# #.#
# #..##.# #.#
.######.###.####.####
....................#
.......(!...........#
##..†...............#
....................#
##............†.@...#
.##...........†hKh..#
....................#
####...###.....######
##..# ##.#..#
#..####.#..##
##......##..#
##.........##
....####..##
...........##
#....#####...#


You could see 2 jackals and a kobold.

Vanquished Creatures
  A goblin (D:1)
  A hobgoblin (D:1)
  A jackal (D:1)
3 creatures vanquished.

Notes
Turn   | Place    | Note
-------+----------+-------------------------------------------
     0 | D:1      | om the Merfolk Transmuter began the quest for the Orb.
     0 | D:1      | Reached XP level 1. HP: 15/15 MP: 3/3
   180 | D:1      | Slain by a jackal

Illustrated notes

Levels and vault maps discovered:
D:1:      minmay_arrival_jagged, layout_rooms, nrook_mini_vaults,
          minmay_misc_feat_rugged, serial_park_tiny_pond

Action                   || total
-------------------------++-------
Melee: Dagger            ||    22
       Unarmed           ||     9
       Headbutt          ||     1
 Cast: Beastly Appendage ||     4
Armor: Robe              ||    24
Dodge: Dodged            ||    51

Table legend: (Time is in decaauts)
 A = Elapsed time spent in this place.
 B = Non-inter-level travel time spent in this place.
 C = Inter-level travel time spent in this place.
 D = Time resting spent in this place.
 E = Time spent auto-exploring this place.
 F = Levels seen in this place.
 G = Mean time per level.
                   A        B        C        D        E       F      G
               +--------+--------+--------+--------+--------+-----+--------+
         Total |    178 |    178 |      0 |      4 |     99 |   1 |  178.0 |
       Dungeon |    178 |    178 |      0 |      4 |     99 |   1 |  178.0 |
               +--------+--------+--------+--------+--------+-----+--------+

Top non-repeatable levels by time:
     D:1: 178 daAuts
